 Dungeon Crawl Stone Soup version 0.28.0-53-g5a82cb258f (webtiles) character file.

Game seed: 7334933037760536901

50 safid the Digger (level 3, 0/20 HPs)
             Began as a Gargoyle Earth Elementalist on Aug 23, 2022.
             Killed from afar by Natasha (11 damage)
             ... with a magic dart
             ... on level 2 of the Dungeon.
             The game lasted 00:03:00 (2215 turns).

safid the Digger (Gargoyle Earth Elementalist)      Turns: 2215, Time: 00:03:00

Health: 0/20       AC:  5    Str: 11    XL:     3   Next: 79%
Magic:  6/7        EV: 12    Int: 17    God:
Gold:   75         SH:  0    Dex: 10    Spells: 6/7 levels left

rFire   . . .      SeeInvis .   f - +0 short sword
rCold   . . .      Faith    .   (no shield)
rNeg    + . .      Spirit   .   b - +0 robe
rPois   ∞          Reflect  .   (no helmet)
rElec   +          Harm     .   (no cloak)
rCorr   .          Rampage  .   (no gloves)
Will    .....                   (no boots)
Stlth   ++........              (no amulet)
HPRegen 0.06/turn               (no ring)
MPRegen 0.10/turn               (no ring)

@: no status effects
A: sickness immunity, AC +3, negative energy resistance 1, electricity
resistance, torment resistance 1, petrification resistance
a: no special abilities


You were on level 2 of the Dungeon.
You visited 1 branch of the dungeon, and saw 2 of its levels.

You collected 75 gold pieces.

Inventory:

Hand Weapons
 f - a +0 short sword (weapon)
Missiles
 c - 11 stones
Armour
 b - a +0 robe (worn)
Jewellery
 g - an amulet of guardian spirit
 k - a +4 ring of slaying
Scrolls
 e - a scroll of holy word {unknown}
 i - a scroll of brand weapon {unknown}
 j - a scroll of immolation {unknown}
 l - a scroll of teleportation {unknown}
Potions
 a - a potion of haste {unknown}
 d - a potion of mutation {unknown}
 h - a potion of heal wounds {unknown}


   Skills:
 + Level 1.0 Fighting
 - Level 2.0 Dodging
 - Level 2.1 Stealth
 + Level 2.6 Spellcasting
 - Level 1.0 Transmutations
 + Level 4.3 Earth Magic


You had 6 spell levels left.
You knew the following spells:

 Your Spells              Type           Power      Damage    Failure   Level
a - Sandblast             Erth           34%        2d9       3%          1

Your spell library contained the following spells:

 Spells                   Type           Power      Damage    Failure   Level
 Passwall                 Tmut/Erth      9%         N/A       9%          2
 Stone Arrow              Conj/Erth      18%        3d8       22%         3
 Petrify                  Tmut/Erth      11%        N/A       52%         4


Dungeon Overview and Level Annotations

Branches:
Dungeon (2/15)

Altars:

Annotations:
D:2 Natasha


Innate Abilities, Weirdness & Mutations

You are immune to sickness and miasma.
Your stone body is resilient. (AC +3)
You are immune to poison.
You resist negative energy. (rN+)
You are resistant to electric shocks. (rElec)
You are resistant to unholy torment.
You are immune to petrification.


Message History

Natasha casts a spell.
You barely miss the frilled lizard.
The frilled lizard bites you but does no damage.
You closely miss the frilled lizard. The frilled lizard closely misses you.
You hit the frilled lizard.
The frilled lizard is heavily wounded.
The frilled lizard closely misses you.
The crimson imp blinks!
The frilled lizard barely misses you.
You hit the frilled lizard.
You kill the frilled lizard!
Natasha casts a spell at you. The magic dart hits you!
Natasha closely misses you.
Things that are here:
a frilled lizard corpse; a ball python corpse You hit Natasha.
Natasha is lightly wounded.
Natasha barely misses you.
You barely miss Natasha.
Natasha is lightly wounded.
Natasha barely misses you.
You hit Natasha.
Natasha is moderately wounded.
Natasha barely misses you.
The crimson imp blinks!
You hit Natasha but do no damage.
Natasha is moderately wounded.
Natasha mumbles some strange words.
You hit Natasha.
Natasha is moderately wounded.
Natasha stares at you and mumbles some strange words.
The magic dart hits you. Natasha barely misses you.
You hit Natasha.
Natasha is heavily wounded.
Natasha misses you.
You hit Natasha.
Natasha is severely wounded.
Natasha casts a spell at you. The magic dart hits you!
Ouch! That really hurt!
You die...

............l...l.....###
#......^..##.######.###
##......<..##.# #..).
#..........##.# #.###
#.....#5#####.# #.# #
#.......# #.# #.# #
#....<5l# #.# #.# #
#.....#h# #.# #.# #
##.####@# #.# #†# # #.
#.# #.# #.#
#.####.#####.# #.#
#............######.#
######.##.........<.#
#.##.########### #.##.#
#.##.# #.##.# #


You could see Natasha, 2 crimson imps and a frilled lizard.

Vanquished Creatures
  An adder (D:2)
  A dart slug (D:2)
  3 endoplasms
  2 giant cockroaches (D:1)
  3 goblins
  2 hobgoblins
  4 jackals (D:2)
  A quokka (D:1)
  7 ball pythons
  A bat (D:1)
  2 frilled lizards (D:2)
  4 kobolds
  3 rats (D:1)
34 creatures vanquished.

Vanquished Creatures (others)
  2 fungi (D:2)
2 creatures vanquished.

Grand Total: 36 creatures vanquished

Notes
Turn   | Place    | Note
-------+----------+-------------------------------------------
     0 | D:1      | safid the Gargoyle Earth Elementalist began the quest for
                  | the Orb.
     0 | D:1      | Reached XP level 1. HP: 10/10 MP: 3/3
   327 | D:1      | Reached skill level 1 in Transmutations
   338 | D:1      | Reached XP level 2. HP: 3/15 MP: 0/5
   890 | D:1      | Reached skill level 4 in Earth Magic
  1008 | D:1      | Found a faded altar of an unknown god.
  1658 | D:2      | Reached XP level 3. HP: 19/19 MP: 6/6
  2098 | D:2      | Reached skill level 1 in Fighting
  2189 | D:2      | Noticed Natasha
  2215 | D:2      | Killed from afar by Natasha

Illustrated notes

Levels and vault maps discovered:
D:1:      minmay_arrival_wavy_path, layout_loops_cross,
          ebering_ecumenical_altar_webs, minmay_heptomino_o4
D:2:      layout_loops_ring, uniq_sigmund, uniq_natasha, uniq_crazy_yiuf_cottage

Skill      XL: |  1  2  3 |
---------------+----------+-----
Transmutations | 1 |  1.0
Earth Magic    | 4 |  4.3
Dodging        | 2 |  2.0
Fighting       | 1 |  1.0
Stealth        | |  2.1
Spellcasting   | |  2.6

Action                   || total
-------------------------++-------
Melee: Unarmed           ||    11
       Short sword       ||   121
       Punch             ||     1
 Cast: Sandblast         ||    26
 Stab: Sleeping          ||     3
Armor: Robe              ||    42
Dodge: Dodged            ||   116
